 Dungeon Crawl Stone Soup version 0.31-a0-977-gc230f8ef24 (webtiles) character file.

Game seed: 7616790042929240197

47 mattiecakes the Trooper (level 3, -5/36 HPs)
             Began as a Minotaur Fighter on Oct 29, 2023.
             Slain by Sigmund
             ... wielding a +0 scythe
              (8 damage)
             ... on level 3 of the Dungeon.
             The game lasted 00:05:15 (1295 turns).

mattiecakes the Trooper (Minotaur Fighter)          Turns: 1295, Time: 00:05:15

Health: -5/36      AC:  6    Str: 22    XL:     3   Next: 48%
Magic:  2/2        EV:  9    Int:  5    God:
Gold:   117        SH:  4    Dex:  9    Spells: 2/2 levels left

rFire   . . .        a - +0 war axe
rCold   . . .        c - +0 buckler
rNeg    . . .        b - +0 scale mail
rPois   .            (helmet restricted)
rElec   .            (no cloak)
rCorr   .            (no gloves)
SInv    .            (no boots)
Will    .....        (no amulet) Stlth
                     (no ring)
HPRegen 0.26/turn    (no ring)
MPRegen 0.08/turn

%: no passive effects
@: mighty
A: horns 2, retaliatory headbutt
a: no special abilities


You were on level 3 of the Dungeon.
You visited 1 branch of the dungeon, and saw 3 of its levels.

You collected 117 gold pieces.

Inventory:

Hand Weapons
 a - a +0 war axe (weapon)
Armour
 b - a +0 scale mail (worn)
 c - a +0 buckler (worn)
Jewellery
 k - a +4 ring of protection
Scrolls
 e - a scroll of teleportation {unknown}
 f - 2 scrolls of fear {unknown}
 g - a scroll of blinking {unknown}
 i - 2 scrolls of identify {unknown}
 j - a scroll of enchant armour {unknown}
Potions
 h - a potion of mutation {unknown}
 l - a potion of cancellation {unknown}


   Skills:
 - Level 5.3 Fighting
 + Level 2.9 Axes
 - Level 3.6 Armour
 - Level 3.6 Shields


You had 2 spell levels left.
You didn't know any spells.
Your spell library was empty.

Dungeon Overview and Level Annotations

Branches:
Dungeon (3/15)

Altars:

Shops:
D:1 [?([

Annotations:
D:3 Sigmund


Innate Abilities, Weirdness & Mutations

You have a pair of horns on your head.
You reflexively headbutt those who attack you in melee.


Message History

Found 6 stones.
A kobold comes into view. It is wielding a +0 dagger.
Found a bubbling black potion.
The kobold shouts!
A kobold is nearby!
A kobold is nearby!
A kobold is nearby!
Sigmund the Dreaded comes into view.
He is wielding a +0 scythe.
Found a robe and a leather armour.
Sigmund shouts!
You feel very mighty all of a sudden.
You slash the kobold!
You kill the kobold!
Sigmund gestures at you while chanting. The magic dart hits you!
Sigmund closely misses you.
You see here a +0 dagger.
You barely miss Sigmund. Sigmund gestures at you while chanting.
The magic dart hits you. Sigmund casts a spell at you. The magic dart hits you.
You closely miss Sigmund. Sigmund hits you with a +0 scythe!
You hit Sigmund but do no damage. Sigmund barely misses you.
You barely miss Sigmund. Sigmund hits you with a +0 scythe.
* * * LOW HITPOINT WARNING * * *
You closely miss Sigmund. Sigmund hits you with a +0 scythe.
* * * LOW HITPOINT WARNING * * *
You barely miss Sigmund.
Sigmund points at you and mumbles some strange words.
The magic dart hits you.
* * * LOW HITPOINT WARNING * * *
Okay, then.
Unknown command.
Unknown command.
You slash Sigmund!
Sigmund is heavily wounded.
Sigmund hits you with a +0 scythe!
You die...
Sigmund begins carving another notch in his scythe.

.. .[........ ...
#......... ....
#.........
..#.##..!......
..[..........
...........
#.#######.....(...
.......<#.........
....###.)@@.....#.
..................
....#.............
.. #.....####....
#...### ....
...... ... .......
.. .....##


You could see Sigmund.

Vanquished Creatures
  An adder (D:2)
  A worm (D:2)
  A dart slug (D:2)
  5 ball pythons
  4 endoplasms
  2 giant cockroaches
  3 goblins
  A hobgoblin (D:1)
  2 jackals (D:2)
  3 kobolds
  A quokka (D:1)
  4 bats
  A frilled lizard (D:2)
29 creatures vanquished.

Notes
Turn   | Place    | Note
-------+----------+-------------------------------------------
     0 | D:1      | mattiecakes the Minotaur Fighter began the quest for the
                  | Orb.
     0 | D:1      | Reached XP level 1. HP: 19/19 MP: 0/0
   146 | D:1      | Found Ixink's Armour Shoppe.
   155 | D:1      | Reached skill level 4 in Fighting
   163 | D:1      | Upgraded the game from 0.31-a0-971-g75a2e9a4b4 to
                  | 0.31-a0-977-gc230f8ef24
   177 | D:1      | Reached XP level 2. HP: 23/28 MP: 1/1
   241 | D:1      | Found Yczy's Magic Scroll Boutique.
   243 | D:1      | Found Canootz's Antique Weapon Boutique.
   272 | D:1      | Found Qosean's Armour Shoppe.
   503 | D:2      | Reached skill level 5 in Fighting
   607 | D:2      | Reached XP level 3. HP: 35/36 MP: 2/2
  1280 | D:3      | Noticed Sigmund
  1295 | D:3      | Slain by Sigmund

Illustrated notes

Levels and vault maps discovered:
D:1:      wander_arrival_desolate, layout_basic, serial_shops, shop,
          nicolae_shop_crystal, nicolae_shop_stone, nicolae_shop_crystal,
          dreamdust_wishing_well
D:2:      layout_basic, minmay_fractal_squares_gapless_5
D:3:      layout_basic, mainiacjoe_overflow_surrounded_room, serial_shops,
          nicolae_shop_just_a_little_nook, shop, nicolae_shop_industrial_runoff,
          nicolae_shop_crystal, nicolae_shop_window_shopping, hex_tiny,
          uniq_sigmund

Skill      XL: |  1  2 |
---------------+-------+-----
Fighting       | 4 5 |  5.3
Axes           | |  2.9
Armour         | |  3.6
Shields        | |  3.6

Action                     || total
---------------------------++-------
  Melee: War axe           ||    63
         Headbutt          ||     9
    Use: Potion            ||     1
 Armour: Scale mail        ||    45
  Dodge: Dodged            ||    27
  Block: Buckler           ||    15

Table legend: (Time is in decaauts)
 A = Elapsed time spent in this place.
 B = Non-inter-level travel time spent in this place.
 C = Inter-level travel time spent in this place.
 D = Time resting spent in this place.
 E = Time spent auto-exploring this place.
 F = Levels seen in this place.
 G = Mean time per level.
                   A        B        C        D        E       F      G
               +--------+--------+--------+--------+--------+-----+--------+
         Total |   1319 |   1175 |    144 |      0 |    996 |   3 |  439.7 |
       Dungeon |   1319 |   1175 |    144 |      0 |    996 |   3 |  439.7 |
               +--------+--------+--------+--------+--------+-----+--------+

Top non-repeatable levels by time:
     D:2: 789 daAuts
     D:1: 509 daAuts
     D:3: 20 daAuts
